 Dungeon Crawl Stone Soup version 0.29.1-12-g30fa7ad0bf (webtiles) character file.

Game seed: 7706913353973796276

20 hawla the Chiller (level 3, -1/39 HPs)
             Began as a Meteoran Ice Elementalist on Jan 14, 2023.
             Slain by an orc
             ... wielding a +2 hand axe of distortion
              (4 damage)
             ... on level 3 of the Dungeon.
             The game lasted 00:01:53 (139 turns).

hawla the Chiller (Meteoran Ice Elementalist)        Turns: 139, Time: 00:01:54

Health: -1/39      AC: 21    Str: 10    XL:     3   Next: 14%
Magic:  6/8        EV:  2    Int: 18    God:
Gold:   24         SH:  0    Dex: 14    Spells: 7/8 levels left

rFire   . . .      SeeInvis .   (no weapon)
rCold   . . .      Faith    .   (no shield)
rNeg    . . .      Spirit   .   (body armour currently unavailable)
rPois   +          Reflect  .   (helmet currently unavailable)
rElec   .          Harm     .   (cloak currently unavailable)
rCorr   .          Rampage  .   (gloves currently unavailable)
Will    .....      NoTele   +   (boots currently unavailable)
Stlth   +.........              (no amulet)
HPRegen 0.13/turn               (no ring)
MPRegen 0.11/turn               (no ring)

@: tree-form, glowing
A: stationary, stasis, torment immunity, boosted hp, sense surroundings 1,
otherworldly, glowing, explore regen
a: no special abilities


You were on level 3 of the Dungeon.
You were a tree.
You visited 1 branch of the dungeon, and saw 3 of its levels.

You collected 24 gold pieces.

Inventory:

Armour
 a - a +0 robe (melded)
Scrolls
 c - a scroll of poison {unknown}
Potions
 b - a potion of magic


   Skills:
 + Level 2.5 Dodging
 - Level 1.4 Stealth
 + Level 3.0 Spellcasting
 + Level 5.0 Ice Magic


You had 7 spell levels left.
You knew the following spells:

 Your Spells              Type           Power      Damage    Failure   Level
a - Freeze                Ice            80%        1d9       1%          1

Your spell library contained the following spells:

 Spells                   Type           Power      Damage    Failure   Level
 Frozen Ramparts          Ice            40%        1d7       6%          3
 Ozocubu's Armour         Ice            20%        N/A       6%          3
 Hailstorm                Conj/Ice       11%        3d5       50%         4


Dungeon Overview and Level Annotations

Branches:
Dungeon (3/15) Zot: 1660

Altars:


Innate Abilities, Weirdness & Mutations

You are a tree.
Your roots penetrate the ground, keeping you stationary.
You cannot be teleported.
You are immune to unholy pain and torment.
Your maximum health is greatly increased.
Your equipment is partially melded.
You passively map a small area around you.
You are easily found by Zot.
You glow in the dark.
You regain HP and MP as you explore.


Message History

Memorise Frozen Ramparts, consuming 3 spell levels and leaving 4?
You start memorising the spell.
You continue memorising.
The orc throws a boomerang of dispersal.
Your memorisation is interrupted.
The boomerang of dispersal hits you.
You blink.
Unknown command.
This spell is quite dangerous to cast!
Memorise Frozen Ramparts, consuming 3 spell levels and leaving 4?
The orc throws a boomerang of dispersal.
Your memorisation is interrupted.
The boomerang of dispersal closely misses you.
Okay, then.
This spell is quite dangerous to cast!
Memorise Frozen Ramparts, consuming 3 spell levels and leaving 4?
You start memorising the spell.
You continue memorising. x3
The orc hits you with a +0 dagger.
Your memorisation is interrupted.
Unknown command.
The orc attacks as you move away! The orc hits you with a +0 dagger.
You hear some strange, mumbled words.
A puff of flame appears from out of thin air!
The puff of flame hits you!
* * * LOW HITPOINT WARNING * * *
It was a potion of lignification.
You turn into a tree.
Your +0 robe melds into your body.
Your roots penetrate the ground.
Casting: Freeze (safe; 1% risk of failure)
Confirm with . or Enter, or press ? or * to list all spells.
Aiming: Freeze (safe; 1% risk of failure)
Press: ? - help, Shift-Dir - straight line, f - orc
Aim: an orc, wielding a +0 dagger and wearing a +0 leather armour You freeze the orc.
The orc is lightly wounded.
The orc hits you but does no damage. x2; Something hits you but does no damage.
Unknown command.
Casting: Freeze (safe; 1% risk of failure)
Confirm with . or Enter, or press ? or * to list all spells.
Aiming: Freeze (safe; 1% risk of failure)
Press: ? - help, Shift-Dir - straight line, p - orc You freeze something!
The orc hits you but does no damage.
The orc hits you with a +2 hand axe of distortion.
You die...

*.. .... #####.####..# *
.......##..# * #.....##..#
#.<<..##..#######
####.....##.....#... * *
######.)......##......## * ,
......#.#.#.####o{.....# # ,
##...###........♣o.....##* .#
, ##.##)#..##.####.o).....#
*.# ...###.#.##.#
###......###.# ###.......#.#
#...).......####
#.#####.#.####.#......#.....#
... #.....##....#..../..#.#,*
.##. #.#.#.##.†###.####....#
#. #.#.#.##..# #.# *.#.##
*#.** *#.#.......# #.# * .#.#


You could see 3 orcs.

Vanquished Creatures
  An adder (D:3)
  An orc (D:3)
  2 giant cockroaches
  2 goblins
  A quokka (D:3)
  A frilled lizard (D:2)
  A kobold (D:3)
  A rat (D:3)
10 creatures vanquished.

Notes
Turn   | Place    | Note
-------+----------+-------------------------------------------
     0 | D:1      | hawla the Meteoran Ice Elementalist began the quest for the
                  | Orb.
     0 | D:1      | Reached XP level 1. HP: 14/14 MP: 5/5
    63 | D:3      | Reached XP level 2. HP: 20/20 MP: 4/6
   111 | D:3      | Reached skill level 5 in Ice Magic
   111 | D:3      | Reached XP level 3. HP: 26/26 MP: 2/8
   136 | D:3      | HP: 1/26 [something/puff of flame (12)]
   139 | D:3      | Slain by an orc

Illustrated notes

Levels and vault maps discovered:
D:1:      saegor_arrival_simple_b, layout_basic,
          ebering_ecumenical_altar_abandoned, minmay_tetromino_l4
D:2:      layout_basic, serial_shops, shop, minmay_quantized
D:3:      minmay_thinvault, layout_loops_ring

Skill      XL: |  1  2 |
---------------+-------+-----
Spellcasting   | 3 |  3.0
Ice Magic      | 5 |  5.0
Dodging        | |  2.5
Stealth        | |  1.4

Action                   || total
-------------------------++-------
Melee: Unarmed           ||    15
 Cast: Freeze            ||    18
  Use: Potion            ||     1
Armor: Robe              ||     7
       Skin              ||     4
Dodge: Dodged            ||    24
